 Dungeon Crawl Stone Soup version 0.21.1-1-g345015f (webtiles) character file.

152 diana the Slasher (level 5, -1/41 HPs)
             Began as a Demonspawn Gladiator on June 8, 2018.
             Killed from afar by Natasha (6 damage)
             ... with a magic dart
             ... on level 3 of the Dungeon.
             The game lasted 00:03:58 (3751 turns).

diana the Slasher (Demonspawn Gladiator)            Turns: 3751, Time: 00:03:58

Health: -1/41      AC:  4    Str: 11 (14) XL:     5   Next: 11%
Magic:  5/5        EV: 13    Int:  9 (10) God:
Gold:   127        SH:  0    Dex: 16 (18) Spells: 4/4 levels left

rFire    . . .     SeeInvis .   a - +0 long sword
rCold    + . .     Gourm    .   (no shield)
rNeg     . . .     Faith    .   b - +0 leather armour
rPois    +         Spirit   .   c - +0 helmet
rElec    .         Reflect  .   (no cloak)
rCorr    .         Harm     .   (no gloves)
MR       .....                  (no boots)
Stlth    +.........             (no amulet)
HPRegen  0.13/turn              r - +3 ring of dexterity
MPRegen  0.09/turn              n - ring of poison resistance (curse)

@: no status effects
A: hooves 1, cold resistance 1, freezing cloud immunity
a: no special abilities


You were on level 3 of the Dungeon.
You were very hungry.

You visited 1 branch of the dungeon, and saw 4 of its levels.

You collected 127 gold pieces.

Inventory:

Hand Weapons
 a - a +0 long sword (weapon)
Missiles
 d - 2 throwing nets (quivered)
Armour
 b - a +0 leather armour (worn)
 c - a +0 helmet (worn)
Jewellery
 i - an uncursed ring of stealth
 n - a cursed ring of poison resistance (right hand)
 r - a +3 ring of dexterity (left hand)
 s - an uncursed ring of ice
Scrolls
 g - 3 scrolls of fear {unknown}
 h - 10 scrolls of identify {unknown}
 k - a scroll of random uselessness {unknown}
 l - a scroll of enchant weapon {unknown}
 m - 4 scrolls of teleportation {unknown}
 o - 2 scrolls of noise {unknown}
 p - 2 scrolls of remove curse {unknown}
Potions
 e - a potion of agility
 q - 2 potions of heal wounds {unknown}
 t - a potion of brilliance
 u - a potion of flight {unknown}
Comestibles
 f - 6 rations


   Skills:
 + Level 3.1 Fighting
 * Level 4.2 Long Blades
 - Level 1.7 Throwing
 + Level 2.0 Armour
 - Level 2.6 Dodging


You had 4 spell levels left.
You didn't know any spells.

Dungeon Overview and Level Annotations

Branches:
Dungeon (4/15)
 Temple: D:4-7

Altars:
The Shining One

Annotations:
D:3 Natasha
D:4 Grinder; johnjohn's ghost, amateur MiFi


Innate Abilities, Weirdness & Mutations

You have large cloven feet.
Your flesh is cold resistant. (rC+)
You are immune to freezing clouds.


Message History

You start resting.
You feel a little less agile now.
You start resting.
Natasha, Servant of Life and Death comes into view.
Natasha is nearby!
Natasha is nearby!
Natasha is nearby!
Natasha is nearby!
Natasha closely misses you.
You closely miss Natasha. Natasha claws you. x2
* * * LOW HITPOINT WARNING * * *
You closely miss Natasha. You kick Natasha.
Natasha is moderately wounded.
Natasha claws you.
* * * LOW HITPOINT WARNING * * *
You slash Natasha!
Natasha is almost dead.
Natasha casts a spell at you. The magic dart hits you!
You die...

##.#..### #..##.# ###..##
...############.##.# #...##
###..........##.##.# #....##
#..........##..#.### #.....##
#..........###.....# ##.....#
######.#.##### #.....# ##....#
.......#.#[..# #.....## #....#
########.#...# #......# ###.##
#####.#...###@.>...# #.#
#...........h......#######.###
##.####.....##.................
#...........##.................
#.......)....#...#.............
#..........#)#####...........(.
#[......#'##.##################
###......[#.##....#
............#####.#


You could see Natasha.

Vanquished Creatures
  An orc priest (D:3)
  Natasha (D:3)
  An adder (D:2)
  3 oozes
  2 worms (D:2)
  2 dart slugs
  A leopard gecko (D:3)
  2 orcs (D:3)
  2 ball pythons
  3 giant cockroaches
  6 goblins
  4 hobgoblins
  8 jackals
  7 kobolds
  3 quokkas
  6 bats
  5 frilled lizards
  6 rats
63 creatures vanquished.

Notes
Turn   | Place    | Note
-------+----------+-------------------------------------------
     0 | D:1      | diana the Demonspawn Gladiator began the quest for the Orb.
     0 | D:1      | Reached XP level 1. HP: 16/16 MP: 1/1
     6 | D:1      | Noticed a polar bear
     6 | D:1      | Noticed a hog
     6 | D:1      | Noticed a swamp worm
     6 | D:1      | Noticed a rime drake
   208 | D:1      | Reached skill level 3 in Long Blades
   214 | D:1      | Gained mutation: Your flesh is cold resistant. (rC+) [demonic ancestry]
   214 | D:1      | Reached XP level 2. HP: 17/22 MP: 2/2
  1114 | D:2      | Reached skill level 1 in Armour
  1132 | D:2      | Gained mutation: You are immune to freezing clouds. [demonic ancestry]
  1132 | D:2      | Reached XP level 3. HP: 22/28 MP: 3/3
  2407 | D:2      | Reached XP level 4. HP: 34/34 MP: 4/4
  2587 | D:3      | Reached skill level 4 in Long Blades
  3226 | D:3      | Found a glowing golden altar of the Shining One.
  3280 | D:3      | Noticed Natasha
  3291 | D:3      | Killed Natasha
  3291 | D:3      | Gained mutation: You have large cloven feet. [demonic ancestry]
  3291 | D:3      | Reached XP level 5. HP: 19/41 MP: 5/5
  3610 | D:4      | Noticed johnjohn's ghost (amateur MiFi)
  3657 | D:4      | Noticed Grinder
  3742 | D:3      | Noticed Natasha
  3751 | D:3      | Killed from afar by Natasha

Skill      XL: |  1  2  3  4 |
---------------+-------------+-----
Long Blades    | 3 4 |  4.2
Armour         | 1 2 |  2.0
Fighting       | 3 |  3.1
Throwing       | |  1.7
Dodging        | |  2.6

Action                   |  1- 3 |  4- 6 || total
-------------------------+-------+-------++-------
Melee: Long sword        |   118 |    63 ||   181
       Kick              |       |     7 ||     7
Throw: Throwing net      |       |     1 ||     1
  Use: Potion            |       |     5 ||     5
 Stab: Sleeping          |       |     1 ||     1
  Eat: Ration            |     1 |     1 ||     2
       Chunk             |     1 |       ||     1
Armor: Leather armour    |    41 |    16 ||    57
Dodge: Dodged            |    68 |    51 ||   119
       Rpst.: Long sword |    21 |    18 ||    39
